 Dungeon Crawl Stone Soup version 0.25-a0-100-g33052ceff8 (webtiles) character file.

Game seed: 1301775334619675898, levelgen mode: deterministic

5093 Shinah the Tainter (level 10, -2/71 HPs)
             Began as a Formicid Venom Mage on Nov 14, 2019.
             Was an Elder of Hepliaklqana.
             Slain by a troll (10 damage)
             ... on level 8 of the Dungeon.
             The game lasted 00:38:29 (8786 turns).

Shinah the Tainter (Formicid Venom Mage)            Turns: 8786, Time: 00:38:30

Health: -2/71      AC: 17    Str: 22    XL:     10   Next: 87%
Magic:  31/31      EV:  3    Int: 15    God:    Hepliaklqana [****..]
Gold:   358        SH: 13    Dex: 11    Spells: 16/25 levels left

rFire    . . .     SeeInvis +   O - +6 battleaxe (chop) (curse)
rCold    . . .     Gourm    .   s - +0 large shield
rNeg     . . .     Faith    .   L - +0 plate armour
rPois    .         Spirit   .   (helmet unavailable)
rElec    .         Reflect  .   H - +0 cloak
rCorr    .         Harm     .   M - +0 pair of gloves (curse)
MR       +....                  e - +0 pair of boots
Stlth    ..........             (no amulet)
HPRegen  0.21/turn              o - +6 ring of strength
MPRegen  0.22/turn              w - ring of magical power

@: no status effects
A: permanent stasis, dig shafts and tunnels, four strong arms, reduced essence,
antennae 3, robust 1, wild magic 1
a: Dig, Shaft Self, Recall Ancestor, Ancestor Identity, Transference, Idealise,
Renounce Religion


You were on level 8 of the Dungeon.
You worshipped Hepliaklqana.
Hepliaklqana was greatly pleased with you.
You were not hungry.

You visited 1 branch of the dungeon, and saw 8 of its levels.
You also visited: Sewer and Ossuary.

You collected 358 gold pieces.

Inventory:

Hand Weapons
 a - a +3 dagger of venom
 b - a +0 dagger of holy wrath
 y - a +0 spear
 F - a +1 flail of protection
 O - a cursed +6 battleaxe of chopping (weapon)
Missiles
 d - a throwing net
 l - 8 boomerangs (quivered)
 r - 3 javelins
 x - 27 poisoned darts
Armour
 e - a +0 pair of boots (worn)
 m - a scarf of spirit shield
 n - a +0 leather armour
 p - a +0 robe
 s - a +0 large shield (worn)
 B - a +0 ring mail
 H - a +0 cloak (worn)
 L - a +0 plate armour (worn)
 M - a cursed +0 pair of gloves (worn)
Jewellery
 o - a +6 ring of strength (left hand)
 w - a ring of magical power (right hand)
Wands
 G - a wand of flame (23)
 I - a wand of paralysis (7)
Scrolls
 i - 4 scrolls of identify
 j - 4 scrolls of remove curse
 q - 4 scrolls of teleportation
 v - a scroll of fog
 z - a scroll of holy word {unknown}
 A - 2 scrolls of amnesia
 C - a scroll of magic mapping
 K - a scroll of immolation
Potions
 f - 2 potions of resistance
 h - 2 potions of lignification
 k - 3 potions of cancellation
 t - 3 potions of agility
 u - 3 potions of brilliance
 D - 2 potions of heal wounds
 E - a potion of flight
 J - a potion of ambrosia
Comestibles
 c - 14 rations
 g - 2 chunks of flesh


   Skills:
 + Level 3.6 Fighting
 - Level 4.0 Short Blades
 + Level 2.5 Axes
 + Level 2.0 Throwing
 * Level 7.5 Armour
 - Level 2.0 Dodging
 - Level 2.5 Stealth
 * Level 2.4 Shields
 - Level 8.0 Spellcasting
 + Level 1.1 Conjurations
 - Level 3.0 Air Magic
 - Level 10.7 Poison Magic


You had 16 spell levels left.
You knew the following spells:

 Your Spells              Type           Power        Failure   Level  Hunger
b - Poisonous Vapours     Pois/Air       ####..       97%         2    None
c - Mephitic Cloud        Conj/Pois/Air  ####....     100%        3    ##.....
d - Olgreb's Toxic Radia  Pois           #####...     99%         4    ####...

Your spell library contained the following spells:

 Spells                   Type           Power        Failure   Level  Hunger
 Sting                    Conj/Pois      ####         97%         1    None
 Conjure Flame            Conj/Fire      ##......     100%        3    ##.....
 Venom Bolt               Conj/Pois      ####......   100%        5    #####..
 Freezing Cloud           Conj/Ice/Air   ##........   100%        6    #######
 Ring of Flames           Chrm/Fire      #.........   100%        7    #######


Dungeon Overview and Level Annotations

Branches:
Dungeon (8/15)             Temple (0/1) D:6           Sewer (visited)
Ossuary (visited)
   Lair: D:8-11

Altars:
Ashenzari
Dithmenos
Fedhas
Hepliaklqana
Makhleb
Nemelex Xobeh
Qazlal
Sif Muna
Trog
Wu Jian
Xom
Yredelemnul
Zin
The Shining One


Innate Abilities, Weirdness & Mutations

You cannot be hasted, slowed, berserked, paralysed or teleported.
You can dig through walls and to a lower floor.
Your four strong arms can wield two-handed weapons with a shield.
You have a pair of large antennae on your head. (SInv)
Your life essence is reduced to manifest your ancestor. (-10% HP)
You are robust. (+10% HP)
Your spells are a little harder to cast, but a little more powerful.


Message History

You block the troll's attack. The troll barely misses you. The troll claws you!
The troll bites you! The troll claws you!
The troll claws you but does no damage.
You are too injured to fight recklessly!
Unknown command.
You are too injured to fight recklessly!
You are too injured to fight recklessly!
You are too injured to fight recklessly!
You slash the troll!
The troll is almost dead.
You block the troll's attack. The troll claws you. The troll claws you!
The troll bites you but does no damage. The troll claws you!
* * * LOW HITPOINT WARNING * * *
You block the troll's attack.
Your shield and plate armour prevent you from hitting the troll.
The troll is almost dead.
You block the troll's attack. The troll claws you!
* * * LOW HITPOINT WARNING * * *
The troll completely misses you. The troll bites you!
You die...

...#
#.#....####
#.##(# ...#
#.#.##....#
#.##.# ...#
#.#.##....#
#.##.# ...#
#R#.##....#
#....# ...#
#...###...#
###### .###
#####
#...#######
###
###.#..?..#
..#
#.#)....#
⌠.#
#'@)....#
..#
#..T(....#
##### ⌠##
+...#+####
#<... ##
#...# #####
... #.### #
.....# #. #
.....# #. #
.....# ## #
.....# #


You could see a troll.

Vanquished Creatures
  Pikel (D:7)
  A wyvern (D:8)
  A yak (D:7)
  A human (D:7)
  2 hogs (D:7)
  A hungry ghost (D:8)
  Menkaure (Ossuary)
  4 orc warriors
  4 slaves (D:7)
  A phantom (D:6)
  2 centaurs
  5 bullfrogs
  2 elf zombies (Ossuary)
  4 killer bees (D:7)
  2 wights (D:7)
  A howler monkey (D:6)
  2 crimson imps (D:6)
  2 bullfrog zombies
  5 centaur zombies
  2 orc priests
  4 hounds
  A jelly (D:6)
  2 bullfrog skeletons
  A human zombie (Ossuary)
  2 iguanas
  12 orc wizards
  2 worker ants
  A killer bee zombie (D:7)
  A hound zombie (D:5)
  A hound skeleton (D:8)
  5 mummies (Ossuary)
  6 gnolls
  13 adders
  7 adder zombies (Ossuary)
  A dart slug (D:4)
  6 leopard geckos
  25 orcs
  2 ball pythons
  4 bats
  14 giant cockroaches
  10 hobgoblins
  6 jackals
  8 kobolds
  5 quokkas
  6 frilled lizards
  5 goblins
  5 goblin zombies (Ossuary)
  A hobgoblin zombie (Ossuary)
  4 kobold zombies (Ossuary)
  2 orc zombies (Ossuary)
  2 quokka zombies
  4 rats
  2 rat zombies (Ossuary)
  A bush (D:6)
  A fungus (D:6)
216 creatures vanquished.

Vanquished Creatures (collateral kills)
  A hog (D:7)
  A hungry ghost (D:8)
  An ogre (D:5)
  2 bullfrogs (D:6)
  3 wights (D:7)
  A crimson imp (D:7)
  A hound (D:4)
  Crazy Yiuf (D:6)
  A worker ant (D:5)
  2 ogre zombies (Ossuary)
  A mummy (Ossuary)
  5 gnolls
  2 adders
  An adder zombie (D:5)
  8 orcs
  6 giant cockroaches
  A goblin (D:3)
  4 jackals (D:4)
  A kobold (D:3)
  A frilled lizard (Sewer)
44 creatures vanquished.

Vanquished Creatures (others)
  3 hexers
  An ancestor (D:3)
4 creatures vanquished.

Grand Total: 264 creatures vanquished

Notes
Turn   | Place    | Note
-------+----------+-------------------------------------------
     0 | D:1      | Shinah the Formicid Venom Mage began the quest for the Orb.
     0 | D:1      | Reached XP level 1. HP: 13/13 MP: 3/3
   132 | D:1      | Reached XP level 2. HP: 19/19 MP: 1/5
   190 | D:1      | Learned a level 2 spell: Poisonous Vapours
  1106 | D:2      | Reached XP level 3. HP: 23/24 MP: 6/6
  1291 | D:2      | Reached skill level 1 in Armour
  1291 | D:2      | Reached XP level 4. HP: 25/30 MP: 1/8
  1427 | D:2      | Found a hazy altar of Hepliaklqana.
  1461 | D:2      | Reached skill level 5 in Poison Magic
  1859 | D:2      | Became a worshipper of Hepliaklqana the Forgotten
  1864 | D:2      | Learned a level 3 spell: Mephitic Cloud
  1890 | D:3      | Reached skill level 1 in Air Magic
  1944 | D:3      | Found a bloodstained altar of Trog.
  1947 | D:3      | Found a glowing silver altar of Zin.
  1947 | D:3      | Found a shattered altar of Ashenzari.
  1947 | D:3      | Found a basalt altar of Yredelemnul.
  1948 | D:3      | Found a burning altar of Makhleb.
  2025 | D:3      | Reached XP level 5. HP: 31/31 MP: 9/9
  2479 | D:3      | Found a glowing drain.
  2494 | Sewer    | Entered a sewer
  2520 | Sewer    | Learned a level 4 spell: Olgreb's Toxic Radiance
  2533 | Sewer    | Reached XP level 6. HP: 29/37 MP: 8/11
  2877 | Sewer    | Reached skill level 1 in Short Blades
  3193 | D:4      | Reached * piety under Hepliaklqana
  3197 | D:4      | Reached XP level 7. HP: 42/42 MP: 13/13
  3569 | D:4      | Reached skill level 6 in Poison Magic
  3587 | D:4      | Reached skill level 1 in Fighting
  3896 | D:5      | Entered Level 5 of the Dungeon
  4155 | D:5      | Found a shimmering blue altar of Sif Muna.
  4156 | D:5      | Found a shadowy altar of Dithmenos.
  4156 | D:5      | Found an ornate altar of the Wu Jian Council.
  4234 | D:5      | Reached XP level 8. HP: 48/48 MP: 11/15
  4531 | D:6      | Reached skill level 5 in Spellcasting
  4535 | D:6      | Found a shimmering altar of Xom.
  4544 | D:6      | Reached skill level 7 in Poison Magic
  4548 | D:6      | Reached ** piety under Hepliaklqana
  4549 | D:6      | Remembered your ancestor Miho as a hexer
  4632 | D:6      | Found a staircase to the Ecumenical Temple.
  4840 | D:6      | Found a glowing golden altar of the Shining One.
  5148 | D:6      | Found a blossoming altar of Fedhas.
  5159 | D:6      | Reached skill level 1 in Conjurations
  5186 | D:6      | Reached XP level 9. HP: 54/54 MP: 18/18
  5326 | D:6      | Found a stormy altar of Qazlal.
  5555 | D:6      | Found a runed translucent door.
  5556 | D:6      | Noticed Crazy Yiuf
  5562 | D:6      | Killed Crazy Yiuf
  5666 | D:7      | Reached skill level 1 in Throwing
  5693 | D:7      | Reached *** piety under Hepliaklqana
  5819 | D:7      | Found a sand-covered staircase.
  5822 | D:7      | Reached skill level 8 in Poison Magic
  5865 | Ossuary  | Entered an ossuary
  6138 | Ossuary  | Noticed Menkaure
  6146 | Ossuary  | Killed Menkaure
  6146 | Ossuary  | Reached skill level 5 in Armour
  6573 | Ossuary  | Gained mutation: You are robust. (+10% HP) [potion of
                  | mutation]
  6573 | Ossuary  | Gained mutation: Your spells are a little harder to cast,
                  | but a little more powerful. [potion of mutation]
  7482 | D:7      | Reached skill level 9 in Poison Magic
  7494 | D:7      | Reached XP level 10. HP: 69/69 MP: 20/20
  7510 | D:7      | Noticed Pikel
  7521 | D:7      | Killed Pikel
  7741 | D:7      | Reached skill level 10 in Poison Magic
  8372 | D:8      | Reached skill level 1 in Axes
  8403 | D:8      | Reached skill level 1 in Shields
  8589 | D:8      | Reached **** piety under Hepliaklqana
  8607 | D:8      | Found a sparkling altar of Nemelex Xobeh.
  8786 | D:8      | Slain by a troll

Levels and vault maps discovered:
D:1:      minmay_arrival_pointy, layout_basic
D:2:      layout_loops_ring, lemuel_round_altar, first_ration, minmay_cupped
D:3:      layout_loops_cross, grunt_temple_overflow_open, portal_sewer_entry_f
D:4:      layout_cave_pools, hangedman_decor_points, kennysheep_generic_room_16
D:5:      layout_loops_cross, gammafunk_temple_overflow_claw
D:6:      layout_loops_ring, old_standard_altar, lemuel_crystal_altar,
          nicolae_qazlal_style_of_elements, minmay_temple_entry_butterflies,
          serial_glass, glass_columns_b, glass_columns_a, hangedman_glass_teeth,
          tso_altar, uniq_crazy_yiuf_cottage
D:7:      layout_basic, lightli_ossuary_entry_decrepit_ruins, grunt_livestock,
          uniq_pikel
D:8:      layout_basic, nemelex_xobeh_ov_fountains_minmay, st_stairs_12

Skill      XL: |  1  2  3  4  5  6  7  8  9 10 |
---------------+-------------------------------+-----
Dodging        | 2 |  2.0
Armour         | 1 2 3 4 6 7 |  7.5
Spellcasting   | 3 4 6 7 8 |  8.0
Poison Magic   | 5 6 7 9 10 | 10.7
Air Magic      | 1 2 3 |  3.0
Short Blades   | 1 2 3 4 |  4.0
Fighting       | 1 2 3 |  3.6
Conjurations   | 1 |  1.1
Throwing       | 1 2 |  2.0
Axes           | 2 |  2.5
Shields        | 2 |  2.4
Stealth        | |  2.5

Action                   |  1- 3 |  4- 6 |  7- 9 | 10-12 || total
-------------------------+-------+-------+-------+-------++-------
Melee: Unarmed           |     4 |       |       |       ||     4
       Dagger            |    29 |    93 |   368 |    29 ||   519
       Club              |     9 |       |       |       ||     9
       Battleaxe         |       |       |       |    71 ||    71
Throw: Boomerang         |       |     1 |    13 |     5 ||    19
       Javelin           |       |       |     8 |       ||     8
       Throwing net      |       |       |     2 |       ||     2
 Cast: Sting             |    17 |       |     4 |       ||    21
       Poisonous Vapours |    10 |    38 |    85 |    13 ||   146
       Olgreb's Toxic Ra |       |       |    10 |     5 ||    15
Invok: Ancestor Identity |       |     1 |       |       ||     1
       Recall Ancestor   |       |     1 |       |       ||     1
       Ancestor Life: He |       |       |     1 |       ||     1
  Use: Scroll            |       |     3 |    15 |     5 ||    23
       Potion            |       |       |     1 |       ||     1
 Stab: Sleeping          |       |     1 |     5 |       ||     6
       Confused          |       |       |     4 |     1 ||     5
       Distracted        |       |       |     1 |       ||     1
       Held in net/web   |       |       |     1 |       ||     1
  Eat: Chunk             |     2 |     8 |    13 |     3 ||    26
       Ration            |       |       |     1 |     1 ||     2
Armor: Robe              |     3 |       |       |       ||     3
       Leather armour    |     6 |    27 |       |       ||    33
       Ring mail         |       |     2 |    92 |     7 ||   101
       Plate armour      |       |       |       |    58 ||    58
Dodge: Dodged            |    33 |    80 |   121 |    29 ||   263
Block: Large shield      |       |       |       |    60 ||    60

Table legend:
 A = Non-vault XP
 B = Vault XP
 C = Vault XP percentage of total XP
 D = Non-vault monster count
 E = Vault monster count
 F = Vault count percentage of total count
                 A         B        C        D         E       F
            +---------+---------+-------+---------+---------+-------
      Total |    4529 |    2748 |  37.8 |     178 |      76 |  29.9
            +---------+---------+-------+---------+---------+-------
        D:1 |      25 |       0 |   0.0 |      14 |       0 |   0.0
        D:2 |      86 |       6 |   6.5 |      14 |       3 |  17.6
        D:3 |     123 |      15 |  10.9 |      23 |       6 |  20.7
        D:4 |     223 |      39 |  14.9 |      21 |       2 |   8.7
        D:5 |     349 |       0 |   0.0 |      18 |       0 |   0.0
        D:6 |     947 |      39 |   4.0 |      21 |       1 |   4.5
        D:7 |    1562 |    1647 |  51.3 |      41 |       6 |  12.8
        D:8 |    1214 |       0 |   0.0 |      26 |       0 |   0.0
      Sewer |       0 |     251 | 100.0 |       0 |      21 | 100.0
    Ossuary |       0 |     751 | 100.0 |       0 |      37 | 100.0
            +---------+---------+-------+---------+---------+-------
